Selects Airborne Battlegroup
Selects Heavy Machine Gun Paradrop
Heavy Machine Gun Paradrop
Heavy Machine Gun Paradrop
Selects Paratrooper Squad Paradrop
Paratrooper Squad Paradrop
Construct Medical Station
Paratrooper Squad Paradrop
Selects Anti-tank Gun Team Paradrop
Paratrooper Squad Paradrop
M4(105) Sherman Bulldozer
M18 Hellcat Tank Destroyer
Selects Paradrop Reinforcements
M1918 Browning Automatic Rifles
M4(105) Sherman Bulldozer
Selects Carpet Bombing Run
M18 Hellcat Tank Destroyer